AoeStats
← [LCDR] Alone

Arabia

509947844Analyzed
1v1 RM · 4d ago on Sep 28, 2026· 26m 28s· 2 players
Game mode
Random Map
Map size
Tiny (2 player)
Population
200
Speed
Normal
Resources
Standard
Victory
Conquest
Starting age
Dark Age
Ending age
Imperial Age
RankedLock teamsTeams togetherTeam positionsShared explorationLock speedFull tech treeHidden civsTurbo modeCheats
Victory
Defeat
🇧🇷 Franks · Brazil
1883
+12
🇳🇱 Saxons · Netherlands
1789
-12
[LCDR] Alone
6:19 Loom
8:36 Feudal Age
9:53 Double-Bit Axe
16:48 Forging
19:35 Fletching
24:23 Castle Age
23:31 Scale Barding Armor
23:21 Gold Mining
25:08 Husbandry
25:29 Chain Barding Armor
Bestkeptsecret
5:51 Loom
8:27 Feudal Age
10:41 Double-Bit Axe
19:39 Fletching
23:53 Castle Age
23:19 Scale Mail Armor
23:21 Padded Archer Armor
24:31 Bodkin Arrow
24:03 Crossbowman
25:29 Horse Collar
Connection lost

Rejoining the realm…

Still unreachable

The connection could not be restored.

Session expired

The server has moved on; the page needs a fresh start.